 Dungeon Crawl Stone Soup version 0.18-a0-373-gaf408bd (webtiles) character file.

468 Duffy the Chopper (level 7, -11/54 HPs)
             Began as a Formicid Hunter on Nov 29, 2015.
             Was an Initiate of Cheibriados.
             Mangled by an orc warrior
             ... wielding a +0 battleaxe
              (14 damage)
             ... on level 6 of the Dungeon.
             The game lasted 00:03:38 (4091 turns).

Duffy the Chopper (Formicid Hunter)                 Turns: 4091, Time: 00:03:38

Health: -11/54     AC:  8    Str: 18    XL:     7   Next: 30%
Magic:  7/7        EV:  7    Int: 11    God:    Cheibriados [......]
Gold:   330        SH:  0    Dex: 14    Spells: 0 memorised, 6 levels left

rFire  . . .     SeeInvis +     q - +0 hand axe (venom)
rCold  . . .     Clarity  .     o - +0 chain mail
rNeg   . . .     SustAt   .     (no shield)
rPois  .         Gourm    .     (helmet unavailable)
rElec  .         Spirit   .     (no cloak)
rCorr  .         Warding  .     (no gloves)
rMut   .         Stasis   +     (no boots)
MR     .....                    (no amulet)
Stlth  ..........               E - ring of stealth
                                n - +3 ring of slaying

@: very slow, not resistant to hostile enchantments, extremely unstealthy
A: permanent stasis, dig shafts and tunnels, four strong arms, antennae 3
a: Dig, Shaft Self, Bend Time, Renounce Religion


You were on level 6 of the Dungeon.
You worshipped Cheibriados.
Cheibriados was noncommittal.
You were near starving.

You visited 2 branches of the dungeon, and saw 7 of its levels.

You collected 330 gold pieces.


Innate Abilities, Weirdness & Mutations

You are under a permanent stasis effect.
You can dig through walls and to a lower floor.
Your four strong arms can wield two-handed weapons with a shield.
You have a pair of large antennae on your head (SInv).


   Skills:
 - Level 4.1 Fighting
 + Level 6.2 Axes
 - Level 4.0 Throwing
 - Level 2.0 Dodging
 - Level 1.2 Stealth


You had 6 spell levels left.
You didn't know any spells.

Inventory:

Hand Weapons
 a - a +0 short sword
 q - a +0 hand axe of venom (weapon)
Missiles
 c - 6 javelins (quivered)
 d - 2 throwing nets
Armour
 b - a +0 leather armour
 i - a +0 plate armour
 o - a +0 chain mail (worn)
Jewellery
 h - an uncursed ring of ice
 m - an uncursed ring of loudness
 n - a +3 ring of slaying (left hand)
 B - a +2 ring of intelligence
 E - a ring of stealth (right hand)
 G - an uncursed ring of protection from cold {unknown}
Wands
 F - a wand of polymorph (19)
 J - a wand of confusion (34)
Scrolls
 g - 5 scrolls of identify
 j - a scroll of amnesia {unknown}
 k - 2 scrolls of random uselessness {unknown}
 l - a scroll of fog
 p - 2 scrolls of teleportation
 u - 4 scrolls of remove curse
 v - 2 scrolls of recharging {unknown}
 y - 2 scrolls of noise {unknown}
 C - 2 scrolls of immolation {unknown}
Potions
 f - 3 potions of magic
 r - a potion of haste {unknown}
 x - 3 potions of curing {unknown}
 z - a potion of heal wounds {unknown}
 A - 2 potions of flight {unknown}
 D - a potion of beneficial mutation {unknown}
 H - a potion of agility {unknown}
 I - a potion of might {unknown}
Comestibles
 e - 3 bread rations
 s - 4 meat rations
 t - 3 fruits
 w - 2 slices of pizza
 K - 2 beef jerkies

Dungeon Overview and Level Annotations

Branches:
Dungeon (6/15)             Temple (1/1) D:5

Altars:
Ashenzari
Cheibriados
Dithmenos
Elyvilon
Gozag
Kikubaaqudgha
Makhleb
Nemelex Xobeh
Okawaru
Qazlal
Sif Muna
Vehumet
Xom
Yredelemnul
Zin
The Shining One

Shops:
D:5 }


Message History

You hit the orc warrior but do no damage.
The orc warrior is lightly wounded.
The orc warrior hits you with a battleaxe!
The orc hits you but does no damage.
You are too injured to fight recklessly!
You are too injured to fight recklessly!
You are too injured to fight recklessly!
You are too injured to fight recklessly!
You are too injured to fight recklessly!
You are too injured to fight recklessly!
You are too injured to fight recklessly!
You are too injured to fight recklessly!
You are too injured to fight recklessly!
You are too injured to fight recklessly!
You are too injured to fight recklessly!
You are too injured to fight recklessly!
You are too injured to fight recklessly!
You are too injured to fight recklessly!
You are too injured to fight recklessly!
You are too injured to fight recklessly!
You are too injured to fight recklessly!
You are too injured to fight recklessly!
You hit the orc warrior.
The orc warrior looks even sicker.
The orc warrior is moderately wounded.
You hit the orc.
The orc is severely wounded.
The orc warrior hits you with a battleaxe!
The orc barely misses you.
You closely miss the orc warrior.
The orc warrior is moderately wounded.
You hit the orc.
You kill the orc!
Cheibriados appreciates the change of pace.
The orc warrior hits you with a battleaxe!
You die...

...............
..............#.#
#.#.##.....#..#.#
#.#.##.....#..#.#
#.#..#.....#..#.#
#.#..#.....#..#.###
..............#...#
........#.(.#.#..>##.###
#.###...#...#.#.@o(.....
#.# #...#.......#[......
#. ##..#.....#.#.......
...#...............
..........#.####.###
....#.....### .#
#.......# # #......#
#......


You could see an orc warrior.

Action                   |  1- 3 |  4- 6 |  7- 9 || total
-------------------------+-------+-------+-------++-------
Melee: Short sword       |    64 |       |       ||    64
       Hand axe          |     7 |   124 |    27 ||   158
  Use: Scroll            |       |     4 |       ||     4
  Eat: Chunk             |       |     7 |     2 ||     9

Notes
Turn   | Place    | Note
--------------------------------------------------------------
     0 | D:1      | Duffy the Formicid Hunter began the quest for the Orb.
     0 | D:1      | Reached XP level 1. HP: 16/16 MP: 1/1
   348 | D:2      | Reached skill level 2 in Dodging
   348 | D:2      | Reached XP level 2. HP: 23/23 MP: 2/2
   408 | D:2      | Reached skill level 3 in Fighting
   517 | D:4      | Reached skill level 4 in Fighting
   517 | D:4      | Reached XP level 3. HP: 20/30 MP: 3/3
   707 | D:3      | Reached XP level 4. HP: 37/37 MP: 4/4
   808 | D:2      | Found a shadowy altar of Dithmenos.
   820 | D:2      | Reached skill level 1 in Axes
  1571 | D:3      | Reached skill level 2 in Axes
  1838 | D:3      | Reached XP level 5. HP: 39/42 MP: 5/5
  1919 | D:3      | Found a shimmering altar of Xom.
  1920 | D:3      | Found a burning altar of Makhleb.
  1925 | D:3      | Reached skill level 3 in Axes
  2327 | D:4      | Found an iron altar of Okawaru.
  2420 | D:4      | Reached skill level 4 in Axes
  2420 | D:4      | Reached XP level 6. HP: 45/48 MP: 6/6
  2878 | D:4      | Reached skill level 5 in Axes
  2885 | D:5      | Entered Level 5 of the Dungeon
  3006 | D:5      | Found Qonli's Quality Used Wands.
  3046 | D:5      | Reached XP level 7. HP: 50/54 MP: 7/7
  3075 | D:5      | Found a staircase to the Ecumenical Temple.
  3087 | Temple   | Entered the Ecumenical Temple
  3313 | Temple   | Became a worshipper of Cheibriados the Contemplative
  3596 | D:5      | Reached skill level 6 in Axes
  4091 | D:6      | Mangled by an orc warrior

Vault maps used:
D:1:      saegor_arrival_fortress
D:2:      overflow_temple_1_default, first_bread
D:3:      grunt_temple_overflow_champion_of_chaos, kennysheep_another_room
D:4:      okawaru_metal_pillars_3, kennysheep_generic_room_5
D:5:      temple_pool_b, nicolae_for_you_no_charge
D:6:      trog_ov_bears_minmay, fedhas_altar_fruit_tree,
          nicolae_ru_the_path_less_chosen, tso_altar
Temple:   dpeg_five_rooms_temple_12

Vanquished Creatures
  2 scorpions
  A crimson imp
  2 orc wizards
  A giant frog skeleton
  3 hounds
  A worker ant
  A hound skeleton
  4 adders
  An ooze
  2 adder skeletons
  A worm
  3 giant geckos
  14 orcs
  6 giant cockroaches
  7 goblins
  5 hobgoblins
  10 jackals
  7 kobolds
  4 bats
  A giant gecko zombie
  3 giant newts
  A quokka zombie
  6 rats
86 creatures vanquished.
